AoeStats
← a4rkangel

Arabia

503529775Analyzed
1v1 RM · 1mo ago on Sep 1, 2026· 51m 44s· 2 players
Game mode
Random Map
Map size
Tiny (2 player)
Population
200
Speed
Normal
Resources
Standard
Victory
Conquest
Starting age
Dark Age
Ending age
Imperial Age
RankedLock teamsTeams togetherTeam positionsShared explorationLock speedFull tech treeHidden civsTurbo modeCheats
Victory
Defeat
🇺🇸 Franks · United States
685
+17
🇨🇱 Magyars · Chile
698
-17
gazeintothefuture
3:39 Loom
10:24 Feudal Age
18:34 Castle Age
16:41 Double-Bit Axe
19:54 Husbandry
23:46 Wheelbarrow
35:09 Hand Cart
34:40 Town Watch
38:18 Imperial Age
36:00 Scale Barding Armor
36:06 Forging
38:07 #83
39:20 Cavalier
41:48 Elite Throwing Axeman
45:45 Paladin
47:43 Chain Barding Armor
47:59 Iron Casting
47:25 Scale Mail Armor
47:34 Gold Mining
47:34 Stone Mining
49:47 Chivalry
52:38 Plate Barding Armor
53:04 Blast Furnace
52:20 Chain Mail Armor
a4rkangel
8:13 Loom
10:17 Feudal Age
19:03 Castle Age
17:04 Horse Collar
17:44 Double-Bit Axe
18:06 Man-at-Arms
19:03 Long Swordsman
19:56 Scale Mail Armor
21:45 Chain Mail Armor
22:23 Pikeman
27:24 Bloodlines
29:47 Scale Barding Armor
30:08 Arson
29:52 Light Cavalry
30:33 Husbandry
31:37 Heavy Plow
32:35 Wheelbarrow
36:29 Imperial Age
35:26 Chain Barding Armor
35:36 Bow Saw
38:07 Hand Cart
38:25 Crop Rotation
37:34 Two-Handed Swordsman
40:36 Two-Man Saw
40:52 Champion
40:55 Halberdier
43:55 Plate Barding Armor
43:41 Cavalier
46:06 Conscription
47:18 Hussar
Connection lost

Rejoining the realm…

Still unreachable

The connection could not be restored.

Session expired

The server has moved on; the page needs a fresh start.